Map: Ever Dream LE

Players

antagomiR - Winner!

  • Race: Protoss Protoss
  • League: Gold
  • Spawn Location: 7:00

BlackCode

  • Race: Protoss Protoss
  • League: Silver
  • Spawn Location: 1:00

VOD

Have the link to the VOD?

Description

Time

  • Played on: April 3, 2020, 1:28 a.m.
  • Length: 9:54
Show
View Real Time Build Order
Export as new Build Order

antagomiR Protoss - Winner!

Build Orders:  

Get SALT Encoding   

  12  0:01  Probe  
  13  0:13  Probe  
  14  0:23  Pylon  
  14  0:25  Probe  
  15  0:41  Probe  
  16  0:49  Gateway  
  16  0:53  Probe  
  17  1:02  Assimilator  
  17  1:05  Probe  
  17  1:10  Assimilator  
  17  1:17  Probe  
  18  1:38  Cybernetics Core  
  18  1:40  Probe (Chrono Boost)  
  19  1:50  Probe (Chrono Boost)  
  20  1:55  Probe (Chrono Boost)  
  21  2:05  Forge  
  21  2:16  Pylon  
  21  2:19  Probe  
  22  2:32  Stalker (Chrono Boost)  
  24  2:41  Photon Cannon  
  23  3:09  Gateway  
  23  3:10  Gateway  
  22  3:15  Pylon  
  22  3:33  Stalker (Chrono Boost)  
  24  3:38  Probe, Gateway  
  25  3:48  Twilight Council  
  25  3:50  Probe  
  25  3:53  Warp Gate (Chrono Boost)  
  26  3:59  Stalker (Chrono Boost)  
  30  4:03  Stalker (Chrono Boost)  
  30  4:08  Probe  
  31  4:14  Pylon  
  31  4:32  Probe, Stalker (Chrono Boost)  
  34  4:41  Blink (Chrono Boost)  
  38  4:46  Stalker x2 (Chrono Boost)  
  38  4:50  Pylon  
  38  4:52  Pylon  
  38  4:59  Probe  
  39  5:06  Robotics Facility  
  39  5:08  Stalker  
  39  5:11  Probe, Stalker  
  44  5:36  Probe  
  44  5:39  Stalker  
  47  5:49  Stalker  
  49  5:50  Stalker  
  49  5:56  Immortal  
  55  6:10  Pylon  
  55  6:14  Pylon  
  55  6:29  Stalker x2  
  55  6:30  Stalker  
  61  6:58  Probe  
  61  7:01  Immortal  
  66  7:10  Probe  
  67  7:23  Probe  
  68  7:35  Probe  
  69  7:39  Warp Prism  
  71  7:51  Probe  
  71  8:07  Probe  
  71  8:21  Probe  
  66  8:33  Probe  
  61  8:43  Immortal (Chrono Boost), Stalker x2  
  61  8:45  Probe  
  69  8:56  Forge  
  69  8:58  Probe  
Show
View Real Time Build Order
Export as new Build Order

BlackCode Protoss 

Build Orders: Cannon Rush 

Get SALT Encoding   

  12  0:27  Pylon  
  12  0:46  Forge  
  12  0:50  Gateway  
  12  1:00  Assimilator  
  12  1:20  Pylon  
  12  1:26  Photon Cannon  
  12  1:30  Probe (Chrono Boost)  
  13  1:44  Photon Cannon  
  13  1:54  Photon Cannon  
  13  2:03  Zealot (Chrono Boost)  
  15  2:26  Photon Cannon  
  15  2:42  Cybernetics Core  
  15  2:54  Pylon  
  15  3:29  Robotics Facility  
  15  3:37  Pylon  
  15  3:44  Pylon  
  15  3:45  Probe (Chrono Boost)  
  16  3:49  Warp Gate  
  16  4:07  Shield Battery  
  14  4:38  Immortal (Chrono Boost)  
  17  4:59  Photon Cannon  
  17  5:15  Pylon  
  17  5:33  Gateway  
  17  5:56  Photon Cannon  
  17  6:11  Photon Cannon  
  17  6:25  Observer (Chrono Boost)  
  18  6:40  Shield Battery  
  18  6:50  Pylon  
  18  6:59  Assimilator  
  18  7:30  Sentry  
  18  7:32  Stalker  
  22  7:38  Photon Cannon  
  17  8:02  Sentry  
  18  8:09  Photon Cannon  
  18  8:13  Stalker  
Tags
 
Matchup
PvP
Replay Pack
20200422
Spawn Locations
Cross Positions
Add a new tag
Caveats
  • Supply blocks, unpowered buildings, or Contaminate may cause inaccurate times.
  • Supply counts are checked every 10 seconds.